AoeStats
← fatelai1017

Fortress

510343797Analyzed
1v1 RM · 19h ago on Sep 30, 2026· 83m 12s· 2 players
Game mode
Random Map
Map size
Small (3 player)
Population
200
Speed
Normal
Resources
Standard
Victory
Conquest
Starting age
Dark Age
Ending age
Imperial Age
RankedLock teamsTeams togetherTeam positionsShared explorationLock speedFull tech treeHidden civsTurbo modeCheats
Victory
Defeat
🇹🇼 Varangians · Taiwan
1203
+18
🇦🇷 Teutons · Argentina
1242
-18
fatelai1017
6:53 Feudal Age
7:37 Double-Bit Axe
11:21 Castle Age
10:39 Gold Mining
12:28 Bow Saw
12:13 Horse Collar
19:10 Heavy Plow
20:45 Wheelbarrow
21:01 Stone Mining
22:22 Husbandry
26:13 Imperial Age
23:32 Loom
24:54 Forging
25:01 Bloodlines
26:11 Iron Casting
26:05 Hand Cart
26:49 Squires
26:35 Arson
26:36 Gambesons
31:10 Conscription
30:11 Gothikon
31:52 Crop Rotation
31:23 Scale Mail Armor
32:24 Blast Furnace
31:30 Scale Barding Armor
31:04 Capped Ram
33:05 Two-Man Saw
32:51 Chain Mail Armor
34:53 Stone Shaft Mining
33:59 Elite Varangian Guard
35:48 Siege Ram
37:00 Chain Barding Armor
37:20 Plate Mail Armor
36:39 Elite Jarl
37:38 Vendel Legacy
39:47 Plate Barding Armor
40:55 Cavalier
40:56 Vendel Legacy
41:45 Pikeman
42:32 Halberdier
49:33 Chemistry
51:18 Siege Engineers
53:11 Ballistics
54:25 Murder Holes
54:42 Masonry
64:54 Architecture
64:37 Fortified Wall
75:47 Fletching
78:15 Bodkin Arrow
fran.federico8
8:42 Feudal Age
10:35 Double-Bit Axe
10:40 Horse Collar
13:04 Castle Age
13:31 Loom
17:01 Bow Saw
19:29 Heavy Plow
22:05 Wheelbarrow
23:25 Fletching
26:43 Imperial Age
24:30 Hand Cart
24:13 Gold Mining
24:56 Bodkin Arrow
25:57 Scale Barding Armor
26:32 Ballistics
28:43 Chemistry
28:09 Crenellations
29:14 Two-Man Saw
28:59 Ironclad
30:42 Heavy Scorpion
31:46 Scale Barding Armor
32:25 Bloodlines
31:36 Cavalier
32:53 Crop Rotation
33:36 Paladin
34:39 Chain Barding Armor
34:43 Conscription
36:15 Plate Barding Armor
35:51 Forging
37:51 Siege Engineers
38:45 Stone Mining
41:19 Iron Casting
43:41 Blast Furnace
47:10 Elite Teutonic Knight
47:51 Scale Mail Armor
47:59 Squires
49:59 Chain Mail Armor
51:10 Plate Mail Armor
67:01 Guard Tower
67:46 Masonry
73:26 Arson
73:34 Pikeman
74:26 Halberdier
Connection lost

Rejoining the realm…

Still unreachable

The connection could not be restored.

Session expired

The server has moved on; the page needs a fresh start.